 Dungeon Crawl Stone Soup version 0.24.0-29-g8ce449bc06 (webtiles) character file.

Game seed: 4333335727527828469, levelgen mode: deterministic

151 Curus the Chopper (level 5, -2/42 HPs)
             Began as a Minotaur Gladiator on Nov 15, 2019.
             Slain by an orc
             ... wielding a +0 club
              (4 damage)
             ... on level 3 of the Dungeon.
             The game lasted 00:07:01 (1832 turns).

Curus the Chopper (Minotaur Gladiator)              Turns: 1832, Time: 00:07:02

Health: -2/42      AC:  4    Str: 24    XL:     5   Next: 10%
Magic:  4/4        EV: 14    Int:  6    God:
Gold:   148        SH:  0    Dex: 11    Spells: 4/4 levels left

rFire    . . .     SeeInvis .   a - +0 war axe
rCold    . . .     Gourm    .   (no shield)
rNeg     . . .     Faith    .   b - +0 leather armour
rPois    .         Spirit   .   c - +1 hat
rElec    .         Reflect  .   (no cloak)
rCorr    .         Harm     +   (no gloves)
MR       .....                  (no boots)
Stlth    +.........             m - amulet of harm
HPRegen  0.14/turn              e - ring of wizardry
MPRegen  0.09/turn              (no ring)

@: mighty, flying
A: retaliatory headbutt, horns 2, repulsion field 1, wild magic 1
a: no special abilities


You were on level 3 of the Dungeon.
You were not hungry.

You visited 1 branch of the dungeon, and saw 3 of its levels.

You collected 148 gold pieces.

Inventory:

Hand Weapons
 a - a +0 war axe (weapon)
 h - a +1 hand axe of electrocution
Missiles
 d - 3 throwing nets (quivered)
Armour
 b - a +0 leather armour (worn)
 c - a +1 hat (worn)
 i - a -2 ring mail
Jewellery
 e - a ring of wizardry (left hand)
 g - an uncursed ring of teleportation
 m - an amulet of harm (around neck)
Scrolls
 j - a scroll of identify
 k - 2 scrolls of blinking
 n - 2 scrolls of teleportation
 q - a scroll of remove curse
Potions
 l - a potion of brilliance
Comestibles
 f - 5 rations
 p - a chunk of flesh


   Skills:
 - Level 2.4 Fighting
 + Level 7.1 Axes
 - Level 2.0 Throwing
 - Level 3.2 Dodging


You had 4 spell levels left.
You didn't know any spells.
Your spell library was empty.

Dungeon Overview and Level Annotations

Branches:
Dungeon (3/15)

Altars:
Ashenzari
Hepliaklqana
Nemelex Xobeh


Innate Abilities, Weirdness & Mutations

You reflexively headbutt those who attack you in melee.
You have a pair of horns on your head.
You are surrounded by a mild repulsion field. (EV +2)
Your spells are a little harder to cast, but a little more powerful.


Message History

You hit the orc priest. Your headbutt misses the orc priest.
The orc priest is moderately wounded.
The orc priest completely misses you. You furiously retaliate!
You headbutt the orc priest! You barely miss the orc priest.
The orc priest is almost dead.
You slash the orc wizard! You hit the orc but do no damage.
The orc priest calls down the wrath of Beogh upon you.
Beogh smites you!
* * * LOW HITPOINT WARNING * * *
The orc misses you. The orc wizard barely misses you.
You feel very mighty all of a sudden.
The orc priest miscasts a cantrip.
The orc wizard barely misses you. You furiously retaliate!
You headbutt the orc wizard!
You kill the orc wizard!
Your Axes skill increases to level 7!
You have reached level 5!
The orc hits you with a +0 club.
You die...

#...#####...# ##..#
#...# #### ##.# #..)#
#.. #.# ##.## #.#
#.#####...###.#
#..............#
#.#######...##..# .#
##.###..####
.#########.# #..@o.#
...............ooo...#
..##.#########..........
..##.# #####...###
.=##.# ..... ..##.#
#..... ..##.# .....
.###.# ##### .# #.#


You could see an orc priest and 3 orcs.

Vanquished Creatures
  An orc wizard (D:3)
  3 adders (D:2)
  An ooze (D:2)
  3 leopard geckos
  An orc (D:3)
  13 bats
  4 giant cockroaches
  12 goblins
  11 hobgoblins
  14 jackals
  2 quokkas
  A ball python (D:2)
  2 frilled lizards
  2 kobolds
  9 rats
79 creatures vanquished.

Notes
Turn   | Place    | Note
-------+----------+-------------------------------------------
     0 | D:1      | Curus the Minotaur Gladiator began the quest for the Orb.
     0 | D:1      | Reached XP level 1. HP: 18/18 MP: 0/0
   120 | D:1      | Reached skill level 4 in Axes
   177 | D:1      | Reached XP level 2. HP: 20/25 MP: 1/1
   398 | D:1      | Gained mutation: Your spells are a little harder to cast,
                  | but a little more powerful. [potion of mutation]
   398 | D:1      | Gained mutation: You are surrounded by a mild repulsion
                  | field. (EV +2) [potion of mutation]
   437 | D:1      | Reached skill level 5 in Axes
   496 | D:1      | Reached XP level 3. HP: 30/30 MP: 2/2
  1345 | D:2      | Reached skill level 6 in Axes
  1345 | D:2      | Reached XP level 4. HP: 37/37 MP: 3/3
  1423 | D:2      | Found a hazy altar of Hepliaklqana.
  1423 | D:2      | Found a sparkling altar of Nemelex Xobeh.
  1423 | D:2      | Found a shattered altar of Ashenzari.
  1831 | D:3      | HP: 1/37 [orc priest/divine providence (13)]
  1832 | D:3      | Reached skill level 7 in Axes
  1832 | D:3      | Reached XP level 5. HP: 2/42 MP: 4/4
  1832 | D:3      | Slain by an orc

Levels and vault maps discovered:
D:1:      minmay_arrival_doors, layout_loops_corners
D:2:      layout_loops_ring, minitemple
D:3:      layout_loops_ring, first_ration, serial_bayou_pond_b

Skill      XL: |  1  2  3  4 |
---------------+-------------+-----
Axes           | 4 5 6 7 |  7.1
Fighting       | |  2.4
Throwing       | |  2.0
Dodging        | |  3.2

Action                   |  1- 3 |  4- 6 || total
-------------------------+-------+-------++-------
Melee: War axe           |    87 |    62 ||   149
       Headbutt          |     8 |     8 ||    16
  Use: Scroll            |     5 |     2 ||     7
       Potion            |     4 |     3 ||     7
  Eat: Chunk             |     1 |     2 ||     3
Armor: Leather armour    |     4 |     9 ||    13
       Ring mail         |    16 |     9 ||    25
Dodge: Dodged            |    63 |    39 ||   102
